 Dungeon Crawl Stone Soup version 0.18.1-8-gdd0e5ea (webtiles) character file.

95 Hipnos the Firebug (level 4, -6/24 HPs)
             Began as a Gargoyle Fire Elementalist on May 22, 2016.
             Mangled by a gnoll
             ... wielding a +0 flail
              (9 damage)
             ... on level 4 of the Dungeon.
             The game lasted 00:05:30 (2072 turns).

Hipnos the Firebug (Gargoyle Fire Elementalist)     Turns: 2072, Time: 00:05:30

Health: -6/24      AC:  5    Str: 11    XL:     4   Next: 65%
Magic:  3/8        EV: 12    Int: 17    God:
Gold:   80         SH:  0    Dex: 10    Spells: 1 memorised, 7 levels left

rFire  . . .     SeeInvis +     o - +0 short sword (venom)
rCold  . . .     Gourm    .     a - +0 robe
rNeg   + . .     Faith    .     (no shield)
rPois  ∞         Spirit   .     (no helmet)
rElec  +         Dismiss  .     (no cloak)
rCorr  .         Reflect  .     (no gloves)
SustAt .         Harm     .     (no boots)
MR     .....                    (no amulet)
Stlth  ++........               (no ring)
                                f - ring of see invisible

@: very slightly contaminated, not resistant to hostile enchantments, unstealthy
A: negative energy resistance 1, electricity resistance, unbreathing,
petrification resistance, rot immunity, AC +3
a: no special abilities


You were on level 4 of the Dungeon.
You were not hungry.

You visited 1 branch of the dungeon, and saw 4 of its levels.

You collected 80 gold pieces.

Inventory:

Hand Weapons
 d - a +0 short sword
 o - a +0 short sword of venom (weapon)
Armour
 a - a +0 robe (worn)
Jewellery
 f - a ring of see invisible (left hand)
Wands
 q - a wand of paralysis (5/24)
 t - a wand of flame (31/48)
Scrolls
 e - a scroll of remove curse
 j - a scroll of fog {unknown}
 k - a scroll of teleportation {unknown}
 l - a scroll of amnesia {unknown}
 p - a scroll of immolation {unknown}
 w - a scroll of enchant armour {unknown}
Potions
 m - 2 potions of lignification {unknown}
 n - a potion of magic {unknown}
 r - a potion of resistance {unknown}
 u - a potion of flight {unknown}
 v - a potion of might {unknown}
Books
 b - a book of Flames

   Spells                             Type                      Level
   a - Flame Tongue                   Conjuration/Fire             1
   b - Throw Flame                    Conjuration/Fire             2
   c - Conjure Flame                  Conjuration/Fire             3
   d - Inner Flame                    Hexes/Fire                   3
   e - Sticky Flame                   Conjuration/Fire             4
   f - Fireball                       Conjuration/Fire             5
Comestibles
 c - 2 bread rations
 g - 2 slices of pizza
 h - 2 meat rations
 i - 3 fruits
 s - a beef jerky


   Skills:
 + Level 0.2 Fighting
 + Level 2.0 Dodging
 - Level 2.1 Stealth
 + Level 2.6 Spellcasting
 + Level 1.5 Conjurations
 * Level 4.3 Fire Magic


You had 7 spell levels left.
You knew the following spells:

 Your Spells              Type           Power        Failure   Level  Hunger
a - Flame Tongue          Conj/Fire      ##...        6%          1    #......


Dungeon Overview and Level Annotations

Branches:
Dungeon (4/15)
 Temple: D:4-7

Altars:


Innate Abilities, Weirdness & Mutations

You are resistant to torment.
Your stone body is resilient (AC +3).
You are immune to poison.
You resist negative energy.
You are resistant to electric shocks.
You can survive without breathing.
You are immune to petrification.
You are immune to rotting.


Message History

The gnoll is heavily wounded.
The gnoll barely misses you.
Casting: Flame Tongue
Confirm with . or Enter, or press ? or * to list all spells.
Aiming: Flame Tongue
Press: ? - help, Shift-Dir - straight line, f/p - gnoll
Aim: a gnoll, wielding a flail (heavily wounded)
You miscast Flame Tongue.
You are very lightly contaminated with residual magic.
Wisps of smoke drift from your hands. The gnoll hits you with a flail.
* * * LOW HITPOINT WARNING * * *
Casting: Flame Tongue
Confirm with . or Enter, or press ? or * to list all spells.
Aiming: Flame Tongue
Press: ? - help, Shift-Dir - straight line, f/p - gnoll
Aim: a gnoll, wielding a flail (heavily wounded)
You miscast Flame Tongue.
The air around you crackles with energy!
The gnoll hits you with a flail!
You die...

... ... ....
..a..
.....########
............#
...........@#
.......<.sg.#
.....!......#
#############


You could see a gnoll and a giant cockroach.

Vanquished Creatures
  Jessica (D:2)
  2 gnolls (D:3)
  A worm (D:2)
  A dart slug (D:1)
  A giant gecko (D:1)
  5 giant cockroaches
  7 goblins
  3 hobgoblins (D:1)
  3 jackals (D:2)
  A ball python (D:2)
  5 bats
  2 giant newts
  6 kobolds
  6 rats
44 creatures vanquished.

Notes
Turn   | Place    | Note
--------------------------------------------------------------
     0 | D:1      | Hipnos the Gargoyle Fire Elementalist began the quest for the Orb.
     0 | D:1      | Reached XP level 1. HP: 10/10 MP: 3/3
   429 | D:1      | Reached XP level 2. HP: 14/15 MP: 5/5
   898 | D:1      | Reached XP level 3. HP: 10/19 MP: 1/6
  1374 | D:2      | Found a faded altar to an unknown god.
  1498 | D:2      | Noticed Jessica
  1509 | D:2      | Killed Jessica
  1509 | D:2      | Reached skill level 4 in Fire Magic
  1509 | D:2      | Reached XP level 4. HP: 13/24 MP: 4/7
  2059 | D:3      | Noticed a phantom
  2072 | D:4      | Mangled by a gnoll

Skill      XL: |  1  2  3  4 |
---------------+-------------+-----
Fire Magic     | 4 |  4.3
Dodging        | 2 |  2.0
Fighting       | |  0.2
Stealth        | |  2.1
Spellcasting   | |  2.6
Conjurations   | |  1.5

Action                   |  1- 3 |  4- 6 || total
-------------------------+-------+-------++-------
Melee: Short sword       |    76 |    18 ||    94
 Cast: Flame Tongue      |    25 |    21 ||    46
  Use: Scroll            |       |     1 ||     1
 Stab: Sleeping          |     7 |     2 ||     9
  Eat: Chunk             |     2 |     2 ||     4
Armor: Robe              |    24 |    13 ||    37
Dodge: Dodged            |    57 |    21 ||    78
